 Dungeon Crawl Stone Soup version 0.31-a0-544-gceb718ecc6 (webtiles) character file.

Game seed: 4903158370569901509

3819 Newt the Chopper (level 9, 0/72 HPs)
             Began as a Demonspawn Gladiator on Aug 15, 2023.
             Slain by a gnoll
             ... wielding a +0 club
             ... led by a gnoll bouda
              (4 damage)
             ... while paralysed by a hornet
             ... on level 7 of the Dungeon.
             The game lasted 00:06:35 (6493 turns).

Newt the Chopper (Demonspawn Gladiator)             Turns: 6493, Time: 00:06:36

Health: 0/72       AC:  4    Str: 17    XL:     9   Next: 97%
Magic:  13/14      EV:  2    Int:  9    God:
Gold:   152        SH:  0    Dex: 25    Spells: 13/15 levels left

rFire   . . .        x - +4 war axe
rCold   . . .        (no shield)
rNeg    . . .        p - +1 animal skin
rPois   .            (helmet restricted)
rElec   .            E - +0 cloak
rCorr   .            (no gloves)
SInv    .            (no boots)
Will    .....        (no amulet)
Stlth   +++          k - +5 ring of evasion
HPRegen 0.32/turn    m - +6 ring of dexterity
MPRegen 0.14/turn

%: no passive effects
@: paralysed, lethally poisoned (0 -> -8), wereblooded, slowed
A: hooves 1, horns 1, demonic touch 2, large bone plates 1, agile 1
a: no special abilities


You were on level 7 of the Dungeon.
You visited 1 branch of the dungeon, and saw 7 of its levels.

You collected 295 gold pieces.
You spent 143 gold pieces at shops.

Inventory:

Hand Weapons
 a - a +0 rapier
 e - a +2 whip of freezing
 h - a +2 dagger of speed
 x - a +4 war axe (weapon)
 C - a +5 mace
Missiles
 d - 2 throwing nets
 i - 7 javelins
 A - 15 poisoned darts
 D - 3 boomerangs
Armour
 b - a +0 leather armour
 c - a +0 helmet
 p - a +1 animal skin (worn)
 E - a +0 cloak (worn)
Jewellery
 k - a +5 ring of evasion (left hand)
 m - a +6 ring of dexterity (right hand)
 n - a ring of protection from cold
 o - a +6 ring of intelligence
 y - a ring of positive energy
Wands
 f - a wand of mindburst (15)
Scrolls
 w - 2 scrolls of amnesia
Potions
 g - 2 potions of brilliance
 j - 3 potions of degeneration
 l - 3 potions of curing
 q - a potion of invisibility
 r - 2 potions of mutation
 s - a potion of resistance
 t - a potion of haste {unknown}
 u - 2 potions of enlightenment
 v - 2 potions of attraction {unknown}
 z - a potion of heal wounds


   Skills:
 - Level 7.0 Fighting
 - Level 4.0 Short Blades
 + Level 7.5(7.9) Axes
 - Level 3.5(6.0) Maces & Flails
 - Level 1.7 Throwing
 - Level 2.6 Dodging
 - Level 5.0 Stealth
 - Level 3.7 Spellcasting
 - Level 3.7 Transmutations


You had 13 spell levels left.
You knew the following spells:

 Your Spells              Type           Power      Damage    Failure   Level
a - Wereblood             Tmut           8%         N/A       10%         2

Your spell library contained the following spells:

 Spells                   Type           Power      Damage    Failure   Level
 Shock                    Conj/Air       4%         1d3       28%         1
 Confusing Touch          Hex            1%         N/A       63%         3
 Ozocubu's Armour         Ice            1%         N/A       63%         3
 Swiftness                Air            1%         N/A       63%         3
 Airstrike                Air            0%         2d(1-17)  95%         4
 Leda's Liquefaction      Hex/Erth       0%         N/A       95%         4
 Irradiate                Conj/Tmut      2%         3d12      98%         5
 Yara's Violent Unravell  Hex/Tmut       2%         3d3       98%         5
 Lee's Rapid Deconstruct  Erth           0%         3d4*      100%        5
 Metabolic Englaciation   Hex/Ice        0%         N/A       100%        5
 Silence                  Hex/Air        0%         N/A       100%        5
 Leda's Unmaking          Conj/Erth      0%         9d1       100%        6
 Simulacrum               Ice/Necr       0%         N/A       100%        6


Dungeon Overview and Level Annotations

Branches:
Dungeon (7/15)
 Temple: D:4-7

Altars:
Trog
Wu Jian

Shops:
D:4 *   D:5 !


Innate Abilities, Weirdness & Mutations

You have large cloven feet.
You have a pair of small horns on your head.
Your touch may inflict irresistible damage on your foes.
You are partially covered in large bone plates. (SH +4)
You are agile. (Dex +4, Str/Int -1)


Message History

You are poisoned.
You suddenly lose the ability to move!
You feel very sick. The hornet stings you!
You are more poisoned.
You feel yourself slow down. The hornet stings you!
You are more poisoned.
You feel as though you will be slow longer.
You can move again.
Unknown command.
Unknown command.
You barely miss the hornet. You kick the hornet, but do no damage.
The hornet is heavily wounded.
You feel extremely sick. The hornet misses you.
The hornet completely misses you. The gnoll barely misses you.
Unknown command.
You miss the hornet. Your kick misses the hornet.
The hornet is heavily wounded.
You hit the gnoll.
You howl as the wereblood boils in your veins!
You feel extremely sick.
The hornet stings you but does no damage.
The gnoll barely misses you. The hornet barely misses you.
The gnoll completely misses you. The hornet stings you.
You feel as though you will be slow longer.
You slash the hornet! Your headbutt misses the hornet.
Your touch misses the hornet.
The hornet is severely wounded.
You slash the gnoll!
You feel very sick. The hornet stings you.
* * * LOW HITPOINT WARNING * * *
You suddenly lose the ability to move!
The gnoll hits you with a +0 club.
* * * LOW HITPOINT WARNING * * *
The hornet stings you!
* * * LOW HITPOINT WARNING * * *
You feel as though you will be slow longer.
The gnoll hits you with a +0 club.
You die...

#######.....#####
.................
#.........#####
#.....[<....###
#.........#...#
#.........###.#
####....##.### #..
#.......##.# #...
#@##....##.# #.##
#ggyg##....##.. ...
#....ggg.......#...###
#....####+###..#.#..#
#...# 8#...##.# #..$
.#...##.# ... #...##.#
.. +...##.# # $#
#....#.# #


You could see a hornet, a gnoll bouda and 5 gnolls.

Vanquished Creatures
  A two-headed ogre (D:4)
  Pikel (D:4)
  4 yaks (D:6)
  Edmund (D:6)
  Duvessa (D:6)
  A black bear (D:6)
  An ogre (D:6)
  A lemure (D:4)
  A kobold brigand (D:6)
  Blork the orc (D:4)
  2 bullfrogs (D:6)
  5 scorpions
  5 wights (D:6)
  Dowan (D:6)
  The ghost of anansati the Digger, a weakling VSEE (D:3)
  Crazy Yiuf (D:6)
  6 hounds
  3 orc priests
  2 sleepcaps
  3 jellies
  3 iguanas (D:5)
  4 orc wizards
  Robin (D:4)
  4 gnolls (D:6)
  10 adders
  A shadow imp (D:7)
  3 ufetubi
  5 worms
  2 dart slugs
  16 orcs
  7 ball pythons
  3 endoplasms
  3 giant cockroaches
  13 goblins
  8 hobgoblins
  11 jackals
  13 kobolds
  6 bats
  A frilled lizard (D:3)
  3 rats (D:1)
159 creatures vanquished.

Notes
Turn   | Place    | Note
-------+----------+-------------------------------------------
     0 | D:1      | Newt the Demonspawn Gladiator began the quest for the Orb.
     0 | D:1      | Reached XP level 1. HP: 16/16 MP: 1/1
   583 | D:1      | Discovered your monstrous ancestry.
   583 | D:1      | Gained mutation: You have large cloven feet. [demonic
                  | ancestry]
   583 | D:1      | Reached XP level 2. HP: 23/23 MP: 2/2
   650 | D:1      | Got Asef Deiphix's Anthology of the Evil Eye
  1093 | D:2      | Gained mutation: Your touch may inflict minor irresistible
                  | damage on your foes. [demonic ancestry]
  1093 | D:2      | Reached XP level 3. HP: 29/30 MP: 3/3
  1515 | D:2      | Reached XP level 4. HP: 37/37 MP: 4/4
  2032 | D:3      | Found a bloodstained altar of Trog.
  2213 | D:3      | Found an ornate altar of the Wu Jian Council.
  2567 | D:3      | Found a faded altar of an unknown god.
  2705 | D:3      | Found a runed translucent door.
  2710 | D:3      | Noticed anansati's ghost (weakling VSEE)
  2866 | D:3      | Killed anansati's ghost
  3156 | D:4      | Noticed a lemure
  3156 | D:4      | Noticed Pikel
  3157 | D:4      | Noticed a lemure
  3157 | D:4      | Noticed a lemure
  3158 | D:4      | Noticed a lemure
  3172 | D:4      | Killed a lemure
  3186 | D:4      | Killed Pikel
  3187 | D:4      | Reached skill level 1 in Stealth
  3187 | D:4      | Reached XP level 5. HP: 42/48 MP: 5/5
  3187 | D:4      | Gained mutation: You have a pair of small horns on your
                  | head. [demonic ancestry]
  3187 | D:4      | Reached XP level 6. HP: 49/55 MP: 6/6
  3187 | D:4      | Reached XP level 7. HP: 53/60 MP: 7/7
  3232 | D:4      | Noticed a two-headed ogre
  3257 | D:4      | Killed a two-headed ogre
  3258 | D:4      | Reached skill level 5 in Stealth
  3258 | D:4      | Gained mutation: Your touch may inflict irresistible damage
                  | on your foes. [demonic ancestry]
  3258 | D:4      | Reached XP level 8. HP: 26/67 MP: 8/8
  3525 | D:4      | Noticed Robin
  3557 | D:4      | Killed Robin
  3668 | D:4      | Learned a level 2 spell: Wereblood
  3945 | D:4      | Noticed Blork the orc
  3972 | D:4      | Killed Blork the orc
  3989 | D:4      | Found Qulojel's General Store.
  4037 | D:5      | Entered Level 5 of the Dungeon
  4048 | D:4      | Reached skill level 1 in Transmutations
  4049 | D:4      | Reached skill level 1 in Spellcasting
  4793 | D:5      | Found Fehieho's Distillery.
  4802 | D:5      | Bought a potion of heal wounds for 55 gold pieces
  4802 | D:5      | Bought a potion of mutation for 88 gold pieces
  4819 | D:6      | Gained mutation: You are partially covered in large bone
                  | plates. (SH +4) [potion of mutation]
  4819 | D:6      | Gained mutation: You are agile. (Dex +4, Str/Int -1)
                  | [potion of mutation]
  5000 | D:6      | Reached XP level 9. HP: 67/72 MP: 14/14
  5033 | D:6      | Reached skill level 1 in Axes
  5039 | D:6      | Noticed Dowan
  5043 | D:6      | Noticed Duvessa
  5050 | D:6      | Killed Dowan
  5051 | D:6      | Killed Duvessa
  5618 | D:6      | Reached skill level 5 in Axes
  5737 | D:6      | Noticed Edmund
  5750 | D:6      | Killed Edmund
  6146 | D:6      | Found a runed translucent door.
  6147 | D:6      | Noticed Crazy Yiuf
  6298 | D:6      | Killed Crazy Yiuf
  6489 | D:7      | Paralysed by a hornet for 2 turns
  6493 | D:7      | Paralysed by a hornet for 3 turns
  6493 | D:7      | Slain by a gnoll

Illustrated notes

Levels and vault maps discovered:
D:1:      dpeg_arrival_water_fire, layout_loops_ring
D:2:      layout_basic
D:3:      layout_basic, mainiacjoe_overflow_large_starburst,
          shapermc_ecumenical_altar_petra, ebering_ghost_reflecting_pool,
          minivault_26, kennysheep_big_empty_room
D:4:      layout_basic, serial_shops, shop_statue, uniq_blork_the_orc,
          uniq_pikel, uniq_robin
D:5:      layout_rooms, serial_shops, nicolae_shop_tiny_statue_garden
D:6:      layout_loops_ring, grunt_ministairs_10, minmay_splitting_lines,
          kennysheep_generic_room_15, uniq_duvessa, uniq_crazy_yiuf_cottage,
          uniq_edmund
D:7:      layout_rooms, minmay_temple_entry_from_below_a, st_stairs_8,
          minivault_1

Skill      XL: |  1  2  3  4  5  6  7  8  9 |
---------------+----------------------------+-----
Fighting       | 3 4 7 |  7.0
Short Blades   | 3 4 |  4.0
Stealth        | 1 5 |  5.0
Maces & Flails | 3 |  3.5
Transmutations | 3 |  3.7
Spellcasting   | 3 |  3.7
Axes           | 7 |  7.5
Throwing       | |  1.7
Dodging        | |  2.6

Action                     |  1- 3 |  4- 6 |  7- 9 || total
---------------------------+-------+-------+-------++-------
  Melee: Rapier            |    29 |       |       ||    29
         Dagger            |    63 |    76 |    16 ||   155
         Kick              |    14 |    17 |    71 ||   102
         Touch             |     4 |    12 |    41 ||    57
         Headbutt          |       |       |    53 ||    53
         War axe           |       |       |   161 ||   161
         Whip              |       |       |    32 ||    32
         Punch             |       |       |     5 ||     5
  Throw: Javelin           |       |     1 |       ||     1
         Throwing net      |       |     1 |       ||     1
   Cast: Wereblood         |       |       |     6 ||     6
    Use: Scroll            |       |     9 |     5 ||    14
         Potion            |       |     1 |     1 ||     2
   Stab: Sleeping          |     1 |     2 |    12 ||    15
         Held in net/web   |       |     1 |       ||     1
 Armour: Leather armour    |    19 |     8 |     5 ||    32
         Animal skin       |       |       |    17 ||    17
  Dodge: Dodged            |    72 |    40 |   172 ||   284
  Block: Other             |       |       |    28 ||    28

Table legend: (Time is in decaauts)
 A = Elapsed time spent in this place.
 B = Non-inter-level travel time spent in this place.
 C = Inter-level travel time spent in this place.
 D = Time resting spent in this place.
 E = Time spent auto-exploring this place.
 F = Levels seen in this place.
 G = Mean time per level.
                   A        B        C        D        E       F      G
               +--------+--------+--------+--------+--------+-----+--------+
         Total |   6470 |   6238 |    232 |   1259 |   4017 |   7 |  924.3 |
       Dungeon |   6470 |   6238 |    232 |   1259 |   4017 |   7 |  924.3 |
               +--------+--------+--------+--------+--------+-----+--------+

Top non-repeatable levels by time:
     D:6: 1559 daAuts
     D:4: 1151 daAuts
     D:2: 1057 daAuts
     D:1: 948 daAuts
     D:3: 890 daAuts
     D:5: 713 daAuts
     D:7: 149 daAuts
